 Dungeon Crawl Stone Soup version 0.29.1-1-gd02db6906a (webtiles) character file.

Game seed: 14993740619735153146

104 inmateoo the Ruffian (level 4, 0/51 HPs)
             Began as a Demonspawn Gladiator on Sept 22, 2022.
             Succumbed to an adder's poison
             ... on level 2 of the Dungeon.
             The game lasted 00:02:14 (2203 turns).

inmateoo the Ruffian (Demonspawn Gladiator)         Turns: 2203, Time: 00:02:14

Health: 0/51       AC: 22    Str: 16    XL:     4   Next: 52%
Magic:  4/4        EV:  2    Int: 10    God:
Gold:   43         SH:  0    Dex: 14    Spells: 3/3 levels left

rFire   . . .      SeeInvis .     - Unarmed
rCold   . . .      Faith    .   (no shield)
rNeg    . . .      Spirit   .   (body armour currently unavailable)
rPois   +          Reflect  .   (helmet currently unavailable)
rElec   .          Harm     .   (cloak currently unavailable)
rCorr   .          Rampage  .   (gloves currently unavailable)
Will    .....      NoTele   +   (boots currently unavailable)
Stlth   +.........              (no amulet)
HPRegen 0.17/turn               (no ring)
MPRegen 0.09/turn               (no ring)

@: lethally poisoned (0 -> -3), tree-form
A: stationary, stasis, torment immunity, boosted hp, powered by death 2
a: no special abilities


You were on level 2 of the Dungeon.
You were a tree.
You visited 1 branch of the dungeon, and saw 2 of its levels.

You collected 43 gold pieces.

Inventory:

Missiles
 c - a throwing net (quivered)
 d - a javelin
Armour
 a - a +0 leather armour (melded)
 b - a +1 helmet (melded)
Scrolls
 h - a scroll of enchant weapon {unknown}
Potions
 e - a potion of cancellation
 f - a potion of invisibility


   Skills:
 + Level 2.7 Fighting
 - Level 1.7 Throwing
 + Level 1.5 Armour
 + Level 3.2 Dodging
 * Level 3.6 Unarmed Combat


You had 3 spell levels left.
You didn't know any spells.
Your spell library contained the following spells:

 Spells                   Type           Power      Damage    Failure   Level
 Magic Dart               Conj           0%         1d3       36%         1
 Searing Ray              Conj           0%         2d4       50%         2
 Fulminant Prism          Conj/Hex       0%         3d6       98%         4


Dungeon Overview and Level Annotations

Branches:
Dungeon (2/15)

Altars:

Shops:
D:1 *


Innate Abilities, Weirdness & Mutations

You are a tree.
Your roots penetrate the ground, keeping you stationary.
You cannot be teleported.
You are immune to unholy pain and torment.
Your maximum health is greatly increased.
Your equipment is partially melded.
You regenerate health from kills.


Message History

You feel sick. The adder bites you.
You are too injured to fight recklessly!
You barely miss the adder.
The adder is moderately wounded.
You feel sick. The adder bites you.
You barely miss the adder.
The adder is moderately wounded.
You feel sick. The adder bites you.
* * * LOW HITPOINT WARNING * * *
You closely miss the adder.
The adder is moderately wounded.
You feel sick. The adder misses you. The adder bites you but does no damage.
Throw: 3 throwing nets
Press: ? - help, Q - select action, (/) - cycle Shift-Dir - straight line, f/p - adder
Aim: an adder (moderately wounded, 40% to hit)
You throw a throwing net.
The throwing net barely misses the adder.
You feel sick. The adder bites you.
* * * LOW HITPOINT WARNING * * *
You are lethally poisoned!
The adder poisons you!
Throw: 2 throwing nets
Press: ? - help, Q - select action, (/) - cycle Shift-Dir - straight line, f/p - adder
Aim: an adder (moderately wounded, 40% to hit)
You throw a throwing net. The throwing net hits the adder.
The adder is caught in the net!
The adder is moderately wounded.
* * * LOW HITPOINT WARNING * * *
You feel sick.
The adder struggles against the net.
Really quaff the potion of lignification?
You turn into a tree.
Your +1 helmet melds into your body.
Your +0 leather armour melds into your body.
Your roots penetrate the ground.
* * * LOW HITPOINT WARNING * * *
You feel sick.
The adder struggles against the net.
You smack the adder!
You kill the adder!
* * * LOW HITPOINT WARNING * * *
You feel sick.
You die...

.# ######### .#
#.......# .# #.......#
.# #..†.>..# .#
#.......#
.###.......########
...................
.....###'###############
.....# #)#......♣†.....(
.....# #.#.############.
.....###.#.######
.....+............
.....###.#.#######
########.#.#
...........#
########.### #.#


There were no monsters in sight!

Vanquished Creatures
  2 adders (D:2)
  3 gnolls
  3 dart slugs
  2 ball pythons
  6 bats
  6 endoplasms
  2 giant cockroaches (D:1)
  5 goblins
  4 hobgoblins
  4 kobolds (D:1)
  5 quokkas
  2 frilled lizards (D:1)
  2 rats
46 creatures vanquished.

Notes
Turn   | Place    | Note
-------+----------+-------------------------------------------
     0 | D:1      | inmateoo the Demonspawn Gladiator began the quest for the
                  | Orb.
     0 | D:1      | Reached XP level 1. HP: 16/16 MP: 1/1
   310 | D:1      | Gained mutation: You regenerate a little health from kills.
                  | [demonic ancestry]
   310 | D:1      | Reached XP level 2. HP: 22/22 MP: 2/2
   612 | D:1      | Reached XP level 3. HP: 27/28 MP: 3/3
   651 | D:1      | Reached skill level 1 in Armour
   786 | D:1      | Found Xoulafotz's Assorted Antiques.
   809 | D:1      | Found a faded altar of an unknown god.
  1836 | D:1      | Gained mutation: You regenerate health from kills. [demonic
                  | ancestry]
  1836 | D:1      | Reached XP level 4. HP: 32/34 MP: 4/4
  2201 | D:2      | HP: 2/51 [poisoned by an adder]
  2203 | D:2      | Succumbed to an adder's poison

Illustrated notes

Levels and vault maps discovered:
D:1:      minmay_arrival_five_plusses, layout_loops_cross, serial_shops,
          nicolae_shop_trees, ebering_ecumenical_altar_ruins,
          minmay_misc_feat_nine_boxes
D:2:      layout_basic, uniq_jessica

Skill      XL: |  1  2  3 |
---------------+----------+-----
Unarmed Combat | 3 |  3.6
Dodging        | 3 |  3.2
Armour         | 1 |  1.5
Fighting       | |  2.7
Throwing       | |  1.7

Action                   |  1- 3 |  4- 6 || total
-------------------------+-------+-------++-------
Melee: Unarmed           |   162 |    34 ||   196
       Punch             |     2 |       ||     2
Throw: Throwing net      |       |     2 ||     2
  Use: Scroll            |     5 |     2 ||     7
       Potion            |       |     1 ||     1
Armor: Leather armour    |    47 |     9 ||    56
Dodge: Dodged            |   125 |    19 ||   144
